Map: Whispers of Gold

Players

叉你大猪蹄子

  • Race: Terran Terran
  • League: Gold
  • Spawn Location: 9:00

llllllllllll - Winner!

  • Race: Zerg Zerg
  • League: Gold
  • Spawn Location: 5:00

VOD

Have the link to the VOD?

Description

Time

  • Played on: April 24, 2025, 10:44 a.m.
  • Length: 3:29
Show
View Real Time Build Order
Export as new Build Order

叉你大猪蹄子 Terran 

Build Orders:  

Get SALT Encoding   

  12  0:00  SCV  
  13  0:20  Supply Depot  
  13  0:48  Refinery  
  13  0:51  Barracks  
  13  0:54  Barracks  
  13  1:01  SCV  
  14  1:13  SCV  
  15  1:19  Refinery  
  15  1:25  SCV  
  16  1:42  Barracks  
  16  1:43  Reaper  
  17  1:48  SCV  
  17  1:53  Reaper  
  19  2:06  Supply Depot  
  19  2:12  SCV  
  20  2:18  Reaper  
  21  2:24  SCV  
  22  2:31  Reaper  
  22  2:33  Reaper  
  24  2:38  SCV  
Show
View Real Time Build Order
Export as new Build Order

llllllllllll Zerg - Winner!

Build Orders: Hatch First 

Get SALT Encoding   

  12  0:00  Drone  
  13  0:12  Overlord  
  13  0:17  Drone  
  14  0:31  Drone x2  
  16  0:47  Hatchery  
  15  0:50  Drone  
  15  0:54  Drone  
  17  0:57  Drone  
  17  1:00  Extractor  
  17  1:15  Spawning Pool  
  17  1:18  Drone  
  17  1:22  Drone  
  18  1:29  Drone  
  19  1:39  Overlord  
  19  2:01  Metabolic Boost  
  19  2:04  Queen x2  
  19  2:08  Zergling x2  
  24  2:11  Zergling x2  
  24  2:14  Zergling x2  
  26  2:18  Zergling x2  
  26  2:21  Zergling x2  
  28  2:24  Zergling x2  
  28  2:27  Zergling x2  
  30  2:32  Zergling x2  
  30  2:33  Zergling x2  
  31  2:48  Zergling x2  
  31  2:49  Zergling x2  
  33  2:55  Baneling Nest  
  33  2:56  Zergling x2  
  33  2:57  Zergling x2  
  34  3:03  Zergling x2  
Tags
 
League
GoldGold
Matchup
TvZ
Replay Pack
kreditionep1
Spawn Locations
Cross Positions
Add a new tag
Caveats
  • Supply blocks, unpowered buildings, or Contaminate may cause inaccurate times.
  • Supply counts are checked every 10 seconds.